 Dungeon Crawl Stone Soup version 0.27-a0-1060-gcb85b5eba1 (webtiles) character file.

Game seed: 16790523380680571002

70 snetch the Chopper (level 4, 0/40 HPs)
             Began as a Hill Orc Monk on Apr 21, 2021.
             Slain by a phantom (7 damage)
             ... on level 4 of the Dungeon.
             The game lasted 00:04:50 (2009 turns).

snetch the Chopper (Hill Orc Monk)                  Turns: 2009, Time: 00:04:51

Health: 0/40       AC:  3    Str: 14    XL:     4   Next: 21%
Magic:  4/4        EV: 12    Int: 10    God:
Gold:   62         SH:  0    Dex: 13    Spells: 3/3 levels left

rFire    . . .     SeeInvis .   a - +0 hand axe
rCold    . . .     Faith    .   (no shield)
rNeg     . . .     Spirit   .   h - +0 leather armour
rPois    .         Reflect  .   (no helmet)
rElec    .         Harm     .   (no cloak)
rCorr    .         Rampage  .   (no gloves)
Will     .....                  (no boots)
Stlth    ++........             (no amulet)
HPRegen  0.13/turn              (no ring)
MPRegen  0.09/turn              (no ring)

@: hasted, very quick
A: no striking features
a: no special abilities


You were on level 4 of the Dungeon.
You visited 1 branch of the dungeon, and saw 4 of its levels.

You collected 62 gold pieces.

Inventory:

Hand Weapons
 a - a +0 hand axe (weapon)
 b - a +0 dagger
 e - a +0 short sword
Missiles
 f - 55 stones (quivered)
 j - 18 arrows
Armour
 h - a +0 leather armour (worn)
Scrolls
 c - 2 scrolls of identify {unknown}
 d - a scroll of enchant armour {unknown}
 g - a scroll of acquirement {unknown}
 l - 2 scrolls of fog {unknown}
 n - a scroll of blinking {unknown}
Potions
 k - a potion of flight {unknown}
 m - a potion of attraction {unknown}


   Skills:
 + Level 4.1 Fighting
 + Level 5.0 Axes
 + Level 0.5 Armour
 + Level 2.9 Dodging
 + Level 2.0 Stealth


You had 3 spell levels left.
You didn't know any spells.
Your spell library contained the following spells:

 Spells                   Type           Power      Damage    Failure   Level
 Corona                   Hex            0%         N/A       43%         1
 Ensorcelled Hibernation  Hex/Ice        0%         N/A       58%         2
 Confusing Touch          Hex            0%         N/A       82%         3
 Dazzling Flash           Conj/Hex       0%         N/A       82%         3
 Tukima's Dance           Hex            0%         N/A       82%         3


Dungeon Overview and Level Annotations

Branches:
Dungeon (4/15)
 Temple: D:4-7

Altars:

Shops:
D:1 *


Message History

You hit the phantom.
The phantom is moderately damaged.
The phantom barely misses you.
You closely miss the phantom.
The phantom is moderately damaged.
The phantom hits you.
You hit the phantom but do no damage.
The phantom is moderately damaged.
The phantom hits you.
The phantom blinks!
You blink.
You hit the phantom.
The phantom is heavily damaged.
The phantom misses you.
You hit the phantom but do no damage.
The phantom is heavily damaged.
The phantom misses you. The phantom hits you.
You hit the phantom.
The phantom is severely damaged.
The phantom hits you.
You barely miss the phantom.
The phantom is severely damaged.
The phantom hits you!
You closely miss the phantom.
The phantom is severely damaged.
The phantom hits you!
* * * LOW HITPOINT WARNING * * *
The phantom blinks!
You blink.
A hound comes into view.
You hit the phantom.
The phantom is severely damaged.
The phantom barely misses you.
You closely miss the phantom.
The phantom is severely damaged.
The phantom hits you.
* * * LOW HITPOINT WARNING * * *
It was a potion of haste.
You feel yourself speed up. The phantom misses you.
You hit the phantom but do no damage.
The phantom is severely damaged.
The hound barks!
The phantom hits you!
You die...

#.... .... #...
#..# #..# #.$#
######..######
#....W@......#
###.##.......#..
#....<....[..#
#...............
#...............#.#
#.##...............
# #.....###.......
###.#.# .....h.
#.#.# ##.


You could see a phantom and a hound.

Vanquished Creatures
  An adder (D:2)
  2 worms (D:2)
  2 dart slugs (D:1)
  2 bats (D:1)
  7 endoplasms
  2 giant cockroaches
  3 goblins
  6 hobgoblins
  7 jackals
  5 kobolds
  3 ball pythons
  3 rats (D:1)
43 creatures vanquished.

Notes
Turn   | Place    | Note
-------+----------+-------------------------------------------
     0 | D:1      | snetch the Hill Orc Monk began the quest for the Orb.
     0 | D:1      | Reached XP level 1. HP: 19/19 MP: 1/1
   111 | D:1      | Reached XP level 2. HP: 21/27 MP: 2/2
   791 | D:1      | Reached XP level 3. HP: 23/33 MP: 3/3
   967 | D:1      | Found a faded altar of an unknown god.
  1347 | D:1      | Found Dizoh's Assorted Antiques.
  1750 | D:2      | Reached XP level 4. HP: 40/40 MP: 4/4
  1766 | D:2      | Reached skill level 5 in Axes
  1909 | D:4      | Noticed a phantom
  2009 | D:4      | Slain by a phantom

Illustrated notes

Levels and vault maps discovered:
D:1:      mrwooster_arrival_statue, layout_basic, serial_shops, shop,
          hellmonk_ecumenical_altar_leap_of_faith
D:2:      cheibrodos_greedy_goblins, layout_basic
D:3:      layout_loops_ring, kiku_gazebo_garden_becter, lemuel_crystal_altar,
          kennysheep_slug_shrine, dancing_weapons_uskayaw
D:4:      layout_loops_ring, minmay_temple_entry_wispy

Skill      XL: |  1  2  3  4 |
---------------+-------------+-----
Fighting       | 4 |  4.1
Stealth        | 2 |  2.0
Axes           | 5 |  5.0
Armour         | |  0.5
Dodging        | |  2.9

Action                   |  1- 3 |  4- 6 || total
-------------------------+-------+-------++-------
Melee: Hand axe          |   141 |    40 ||   181
       Short sword       |    10 |       ||    10
       Dagger            |     4 |       ||     4
  Use: Potion            |       |     1 ||     1
 Stab: Sleeping          |     7 |       ||     7
       Distracted        |     1 |       ||     1
Armor: Robe              |    14 |       ||    14
       Leather armour    |    13 |     6 ||    19
Dodge: Dodged            |   111 |    27 ||   138

Table legend: (Time is in decaauts)
 A = Elapsed time spent in this place.
 B = Non-inter-level travel time spent in this place.
 C = Inter-level travel time spent in this place.
 D = Time resting spent in this place.
 E = Time spent auto-exploring this place.
 F = Levels seen in this place.
 G = Mean time per level.
                   A        B        C        D        E       F      G
               +--------+--------+--------+--------+--------+-----+--------+
         Total |   2026 |   1994 |     32 |     78 |   1332 |   4 |  506.5 |
       Dungeon |   2026 |   1994 |     32 |     78 |   1332 |   4 |  506.5 |
               +--------+--------+--------+--------+--------+-----+--------+

Top non-repeatable levels by time:
     D:1: 1474 daAuts
     D:2: 400 daAuts
     D:3: 131 daAuts
     D:4: 20 daAuts
